Description

This is the most standard Zerg opening you can find. Against any Race

Replay - A.I. 1 (Elite) v Dicliffier - Oxide LE

Build Order

Get SALT Encoding   

  12  0:00  Drone  
  13  0:12  Overlord  
  13  0:17  Drone  
  14  0:30  Drone x2  
  16  0:48  Hatchery  
  15  0:51  Drone x2  
  17  0:59  Drone  
  17  1:01  Extractor  
  17  1:16  Spawning Pool  
  17  1:18  Drone  
  17  1:27  Drone  
  18  1:38  Drone  
Spawning Tool Build Advisor. Get it on Overwolf

Go to:

Details

  • Created by: ThorsPanzer    
  • Published on: Oct 29, 2020
  • Modified on: Oct 29, 2020
  • Patch: 4.11.0
  • Difficulty: Easy
Show
View Real Time Build Order
Export as new Build Order

Comments (0)

There are no comments. Be the first!

Create an account to comment!